Cogmind - Beta 9.3 @@@ ROGUE MODE // 2019.12.17 @ 12:50:10 // Winter2019/RPGLIKE Player: cptwinky Result: Destroyed self with Reinforced Fission Core chain reaction Performance ------------- Evolutions (1) 500 Regions Visited (5) 1000 Robots Destroyed (82) 410 Value Destroyed (1814) 1814 Prototype IDs (26) 520 Alien Tech Used (0) 0 Bonus (327) 327 TOTAL SCORE: 4571 Bonus ------- High Alert Combat Kills 36 Aligned with FarCom 300 Friendly Fire -9 Cogmind --------- Core Integrity 0/800 Matter 236/300 Energy 198/280 System Corruption 1% Temperature Cool (12) Movement Hovering (52) Location -9/Exiles Parts ------- > --- POWER (1) -------- Cooled Ion Engine > --- PROPULSION (3) --- Improved Hover Unit Improved Hover Unit Improved Hover Unit > --- UTILITY (7) ------ Advanced Signal Interpreter Improved Terrain Scanner Salvage Targeting Computer Improved Targeting Computer Armor Integrity Analyzer Medium Armor Plating Hardened Medium Armor Plating > --- WEAPON (2) ------- Improved EM Shotgun Improved EM Shotgun > --- INVENTORY (2) ---- Cloak of Protection Rocket Launcher Peak State ------------ > --- POWER ------------ Cooled Ion Engine > --- PROPULSION ------- Improved Hover Unit Improved Hover Unit Improved Hover Unit > --- UTILITY ---------- Advanced Signal Interpreter Improved Terrain Scanner Salvage Targeting Computer Improved Targeting Computer Armor Integrity Analyzer Medium Armor Plating Hardened Medium Armor Plating > --- WEAPON ----------- Improved EM Shotgun Improved EM Shotgun > --- INVENTORY -------- Light Fission Core Light Fission Core [Rating: 32] Favorites ----------- Power Cooled Ion Engine Engine Cooled Ion Engine Propulsion Improved Hover Unit Treads Light Treads Wheel Wheel Hover Unit Improved Hover Unit Utility Improved Terrain Scanner Device Improved Terrain Scanner Processor Improved Targeting Computer Protection Medium Armor Plating Weapon EM Pulse Gun Energy Gun EM Pulse Gun Energy Cannon Advanced Beam Cannon Ballistic Gun Light Assault Rifle Launcher Rocket Launcher Build | -11 -10 -10 -9 -9 -9 ------- Run | Scr Mat Min Mat Min Exi Slots Evolved 9 | 3 . . 5 1 . Power . | . . . . . . Propulsion 2 | 1 . . 1 . . Utility 6 | 1 . . 4 1 . Weapon 1 | 1 . . . . . Parts Attached 38 | 6 4 1 22 3 2 Power 3 | 1 . . 2 . . Engine 3 | 1 . . 2 . . Core . | . . . . . . Reactor . | . . . . . . Propulsion 5 | 2 2 . 1 . . Treads 1 | 1 . . . . . Leg . | . . . . . . Wheel 1 | 1 . . . . . Hover 3 | . 2 . 1 . . Flight . | . . . . . . Utility 11 | 1 . 1 8 1 . Device 2 | 1 . . 1 . . Storage . | . . . . . . Processor 5 | . . 1 3 1 . Hackware . | . . . . . . Protection 4 | . . . 4 . . Artifact . | . . . . . . Weapon 19 | 2 2 . 11 2 2 Energy Gun 11 | . 2 . 7 1 1 Energy Cannon 1 | . . . 1 . . Ballistic Gun 2 | 2 . . . . . Ballistic Cannon . | . . . . . . Launcher 5 | . . . 3 1 1 Special Weapon . | . . . . . . Impact Weapon . | . . . . . . Slashing Weapon . | . . . . . . Piercing Weapon . | . . . . . . Special Melee Weapon . | . . . . . . Unidentified Prototypes 4 | . . . 4 . . Parts Lost . | . . . . . . Power . | . . . . . . Propulsion . | . . . . . . Utility . | . . . . . . Weapon . | . . . . . . Highest Loss Streak . | . . . . . . Average Slot Usage (%) 95 | . 84 94 99 100 100 Engine 10 | . 14 14 11 7 7 Treads 1 | . 8 . . . . Wheel 1 | . 8 . . . . Hover 21 | . 11 28 23 24 23 Device 10 | . 14 14 11 7 7 Processor 16 | . . 8 20 25 30 Protection 8 | . . . 9 15 15 Energy Gun 21 | . 25 28 22 15 14 Naked Turns . | . . . . . . Heaviest Build 31 | 9 10 10 30 31 30 Greatest Support 34 | 10 20 16 34 34 34 Greatest Overweight (x) 1 | . . . 1 . . Average Overweight (x) . | . . . . . . Largest Inventory Capacity 2 | 1 1 1 1 1 2 Average Capacity 1 | . 1 1 1 1 1 Most Carried 2 | . 1 1 1 1 2 Average Carried . | . . 1 . 1 1 Final Capacity 2 | 1 1 1 1 1 2 Final Carried 2 | . 1 1 1 1 2 Class Distribution -------------------- 66% | Scout 27% | Mutant 6% | Skirmisher Dominant Class ---------------- Mutant | -10/Materials Scout | -10/Mines Scout | -9/Materials Scout | -9/Mines Scout | -9/Exiles Resources | -11 -10 -10 -9 -9 -9 ----------- Run | Scr Mat Min Mat Min Exi Matter Collected 716 | 300 57 10 245 104 . Remotely . | . . . . . . Salvage Created 2252 | 107 487 154 1153 190 161 Parts 158 | 5 36 7 86 22 2 Haulers Intercepted 7 | . 2 . 5 . . Recyclers Shooed . | . . . . . . Parts Field Recycled . | . . . . . . Retrieved Matter . | . . . . . . Parts Self-Destructed . | . . . . . . Prevented . | . . . . . . Kills | -11 -10 -10 -9 -9 -9 ------- Run | Scr Mat Min Mat Min Exi Combat Hostiles Destroyed 55 | . 11 3 25 9 7 Guns 32 | . 9 3 15 4 1 AOE 23 | . 2 . 10 5 6 Classes Destroyed 12 | 2 5 . 3 . 2 Worker 4 | . 2 . 2 . . Builder 2 | . . . 1 1 . Tunneler 3 | 1 . . 1 1 . Hauler 7 | . 2 . 5 . . Recycler 3 | 1 2 . . . . Mechanic 1 | . . . 1 . . Turret 1 | . . . . . 1 Watcher 6 | . 2 . 4 . . Swarmer 23 | . 6 1 10 6 . Grunt 16 | . 5 2 6 3 . Sentry 9 | . . . 9 . . Assembled 7 | . . . . . 7 Best Kill Streak 8 | 2 3 2 5 4 8 Combat Bots Only 7 | . 3 2 4 3 7 Max Kills in Single Turn 3 | 1 2 1 2 2 3 Gunslinging . | . . . . . . Exploded 3 | . 2 . 2 2 3 Melee . | . . . . . . Uniques/NPCs Destroyed . | . . . . . . Combat | -11 -10 -10 -9 -9 -9 -------- Run | Scr Mat Min Mat Min Exi Damage Taken 2561 | . 369 104 840 178 1070 Core 2033 | . 297 88 670 134 844 Absorbed by Shields . | . . . . . . Redirected to Core 1827 | . 255 53 584 127 808 Core Remaining (%) 100 | 100 . 100 . . . Volleys Fired 313 | 10 66 13 140 62 22 Largest 2 | 2 2 2 2 2 2 Hottest 90 | 40 80 80 90 90 90 Shots Fired 601 | 20 131 26 264 120 40 Gun 588 | 20 131 26 259 116 36 Cannon . | . . . . . . Launcher 13 | . . . 5 4 4 Special . | . . . . . . Kinetic 26 | 20 6 . . . . Thermal . | . . . . . . Explosive 13 | . . . 5 4 4 Electromagnetic 562 | . 125 26 259 116 36 Robot Hit Streak 23 | 3 9 4 13 8 23 Robot Miss Streak 5 | 2 5 2 4 4 3 Penetration Max . | . . . . . . Secondary Targets 3 | . 1 . 1 1 . Max Gunslinging Chain 1 | . 1 . 1 1 . Shots Hit Robots 228 | 11 39 13 111 18 36 Core Hits 131 | 5 26 6 56 13 25 Critical Hits 1 | 1 . . . . . Critical Kills . | . . . . . . Critical Parts Destroyed 1 | 1 . . . . . Melee Attacks . | . . . . . . Impact . | . . . . . . Slashing . | . . . . . . Piercing . | . . . . . . Sneak Attacks . | . . . . . . Combat Hostiles . | . . . . . . Follow-up Attacks . | . . . . . . Damage Inflicted 4980 | 125 1167 159 2575 326 628 Guns 2628 | 125 513 159 1496 127 208 Cannons . | . . . . . . Explosions 2352 | . 654 . 1079 199 420 Melee . | . . . . . . Ramming . | . . . . . . Kinetic 161 | 125 36 . . . . Thermal 1103 | . 570 . 279 159 95 Explosive 1249 | . 84 . 800 40 325 Electromagnetic 2467 | . 477 159 1496 127 208 Impact . | . . . . . . Slashing . | . . . . . . Piercing . | . . . . . . Highest Corruption 3 | . 3 3 . . 1 Average Corruption 2 | . 1 3 . . 1 Corruption Purged . | . . . . . . Effects 14 | . 11 . . . 3 Message Errors 4 | . 3 . . . 1 Matter Fused 1 | . 1 . . . . Heat Flow Errors 2 | . 2 . . . . Targeting Errors 6 | . 4 . . . 2 Weapon Failures 1 | . 1 . . . . Overload Shots . | . . . . . . Overflow Damage 175 | . 66 . 109 . . Projectiles . | . . . . . . Explosions 175 | . 66 . 109 . . Melee . | . . . . . . Knockbacks . | . . . . . . Impact . | . . . . . . Kinetic . | . . . . . . Secondary . | . . . . . . Self-Inflicted Damage 535 | . 228 . 128 33 146 Shots 12 | . 4 . 4 1 3 Rammed . | . . . . . . Targets Rammed . | . . . . . . Kicked . | . . . . . . Crushed . | . . . . . . Highest Temperature 339 | . 288 5 81 339 30 Average Temperature 62 | . 103 2 16 113 12 Received Heat Transfer 394 | . 21 57 216 . 100 Effects 3 | . . . . 3 . Interference 1 | . . . . 1 . Matter Decay 1 | . . . . 1 . Damage (minor) 1 | . . . . 1 . Siege Activations . | . . . . . . Robots Corrupted 2 | . . . 1 . 1 Combat Hostiles . | . . . . . . Parts Fried 12 | . 1 2 9 . . Impact Corruptions . | . . . . . . Robots Melted . | . . . . . . Combat Hostiles . | . . . . . . Parts Melted . | . . . . . . Heat Transferred 1162 | . 350 . 400 250 162 Parts Sabotaged . | . . . . . . Parts Stolen . | . . . . . . Parts Stripped . | . . . . . . Power Chain Reactions 12 | . 3 . 6 1 2 Missiles Intercepted . | . . . . . . Alert | -11 -10 -10 -9 -9 -9 ------- Run | Scr Mat Min Mat Min Exi Peak Influence 506 | 10 354 238 506 370 . Average Influence 182 | 1 123 201 212 212 . Maximum Alert Level 2 | . 1 1 2 1 . Low Security (%) 55 | 100 83 42 56 24 . Level 1 38 | . 16 57 30 75 . Level 2 5 | . . . 13 . . Level 3 . | . . . . . . Level 4 . | . . . . . . Level 5 . | . . . . . . High Security . | . . . . . . Max Security . | . . . . . . Squads Dispatched 2 | . 1 . 1 . . Investigation 1 | . . . 1 . . Extermination . | . . . . . . Reinforcement 1 | . 1 . . . . Assault . | . . . . . . Garrison . | . . . . . . Intercept . | . . . . . . Construction Impeded . | . . . . . . Haulers Reinforced . | . . . . . . Stealth | -11 -10 -10 -9 -9 -9 --------- Run | Scr Mat Min Mat Min Exi Distress Signals 3 | . 1 . 2 . . Communications Jammed . | . . . . . . Distress Signals . | . . . . . . Times Spotted 76 | . 18 4 32 8 14 Peak Tracking Total 12 | . 4 2 4 3 12 Tactical Retreats 5 | . 2 . . 1 2 Traps | -11 -10 -10 -9 -9 -9 ------- Run | Scr Mat Min Mat Min Exi Traps Triggered 2 | . 1 . 1 . . Indirectly . | . . . . . . Trap Hack Attempts . | . . . . . . Triggered . | . . . . . . Disarmed 6 | . . . 6 . . Reprogrammed 1 | . 1 . . . . Reused . | . . . . . . Traps Extracted . | . . . . . . Installed . | . . . . . . Triggered . | . . . . . . Machines | -11 -10 -10 -9 -9 -9 ---------- Run | Scr Mat Min Mat Min Exi Machines Disabled 44 | . 10 2 18 12 2 Max in Single Turn 9 | . 2 1 2 9 1 Machines Sabotaged . | . . . . . . Garrisons Compromised . | . . . . . . Overloaded Fab Kills . | . . . . . . Fab Network Shutdowns . | . . . . . . Hacking | -11 -10 -10 -9 -9 -9 --------- Run | Scr Mat Min Mat Min Exi Machines Accessed 21 | . 6 1 11 1 2 Terminals 17 | . 6 1 9 1 . Fabricators . | . . . . . . Repair Stations . | . . . . . . Recycling Units 2 | . . . 2 . . Scanalyzers . | . . . . . . Garrison Access . | . . . . . . Total Hacks 48 | . 15 3 25 3 2 Successful 18 | . 3 1 11 1 2 Failed 30 | . 12 2 14 2 . Catastrophic 7 | . 4 . 3 . . Database Lockouts . | . . . . . . Manual 27 | . 9 3 11 3 1 Terminals 44 | . 15 3 23 3 . Fabricators . | . . . . . . Repair Stations . | . . . . . . Recycling Units 2 | . . . 2 . . Scanalyzers . | . . . . . . Garrison Access . | . . . . . . Terminal Hacks 14 | . 2 1 8 1 2 Record 1 | . . . . . 1 Robot Analysis 5 | . 1 1 3 . . Unreport Threat 4 | . . . 3 1 . Locate Traps 1 | . . . 1 . . Disarm Traps 1 | . . . 1 . . Reprogram Traps 1 | . 1 . . . . EX-Prototype ID Bank 1 | . . . . . 1 Fabricator Hacks . | . . . . . . Repair Station Hacks . | . . . . . . Recycling Unit Hacks 2 | . . . 2 . . Retrieve Components 2 | . . . 2 . . Scanalyzer . | . . . . . . Garrison Access Hacks . | . . . . . . Unauthorized Hacks 6 | . 3 . 3 . . Terminals 2 | . 1 . 1 . . Track 1 | . . . 1 . . Disrupt 1 | . 1 . . . . Fabricators . | . . . . . . Repair Stations . | . . . . . . Recycling Units . | . . . . . . Scanalyzers . | . . . . . . Garrison Access . | . . . . . . Data Cores Recovered . | . . . . . . Used . | . . . . . . Hacking Detections 17 | . 6 1 9 1 . Full Trace Events 4 | . 2 . 2 . . Feedback Events 1 | . 1 . . . . Corruption 1 | . 1 . . . . Feedback Blocked . | . . . . . . Robot Schematics Acquired . | . . . . . . Robots Built . | . . . . . . Matter . | . . . . . . Time . | . . . . . . Total Robot Build Rating . | . . . . . . Part Schematics Acquired . | . . . . . . Parts Built . | . . . . . . Matter . | . . . . . . Time . | . . . . . . Total Part Build Rating . | . . . . . . Parts Repaired . | . . . . . . Time . | . . . . . . Parts Recycled . | . . . . . . Recycled Matter . | . . . . . . Retrieved Matter . | . . . . . . Retrieved Components 9 | . . . 9 . . Parts Scanalyzed . | . . . . . . Part Schematics Acquired . | . . . . . . Parts Damaged . | . . . . . . Bothacking | -11 -10 -10 -9 -9 -9 ------------ Run | Scr Mat Min Mat Min Exi Used RIF Installer . | . . . . . . Robots Hacked . | . . . . . . Non-combat . | . . . . . . Combat . | . . . . . . Robot Hacks Applied . | . . . . . . Relay Couplers Released . | . . . . . . Robots Rewired . | . . . . . . Allies Hacked . | . . . . . . Hacks Repelled . | . . . . . . Allies | -11 -10 -10 -9 -9 -9 -------- Run | Scr Mat Min Mat Min Exi Total Allies 1 | . . 1 . . . Largest Group 1 | . . 1 1 . . Highest-Rated Group 31 | . . 31 31 . . Highest-Rated Ally 31 | . . 31 31 . . Total Orders . | . . . . . . Ally Attacks 5 | . . . 5 . . Total Damage 40 | . . . 40 . . Kills . | . . . . . . Allies Corrupted . | . . . . . . Allies Melted . | . . . . . . Intel | -11 -10 -10 -9 -9 -9 ------- Run | Scr Mat Min Mat Min Exi Robot Analysis Total 5 | . 1 1 3 . . Derelict Logs Recovered 2 | . . . . 2 . Drone Launches . | . . . . . . Drone Recoveries . | . . . . . . Exploration | -11 -10 -10 -9 -9 -9 ------------- Run | Scr Mat Min Mat Min Exi Turns Passed 2963 | 95 658 225 1091 632 262 Spaces Moved 2667 | 72 440 246 865 705 339 Core 1 | 1 . . . . . Treads 106 | . 106 . . . . Legs . | . . . . . . Wheels 195 | 71 124 . . . . Hover 2365 | . 210 246 865 705 339 Flight . | . . . . . . Fastest Speed 50 | 50 56 56 52 52 52 Average Speed 62 | 79 87 56 61 52 52 Slowest Speed 160 | 80 160 56 116 52 52 Overloaded Moves . | . . . . . . Propulsion Burnouts . | . . . . . . Robots Hopped . | . . . . . . Cave-ins Triggered . | . . . . . . Exploration Rate (%) 60 | 5 79 47 72 98 60 Regions Visited 5 Branch Regions 3 Pre-discovered Areas 5 | . . 1 . 3 1 Known Exits Taken 3 | . . 1 1 1 . Unknown Exits Taken 2 | 1 1 . . . . Scrap Searched 3 | . . 1 . 2 . Spaces Dug . | . . . . . . Terrain Destroyed 394 | . 131 . 197 51 15 Melee . | . . . . . . Projectile . | . . . . . . AOE 394 | . 131 . 197 51 15 Actions | -11 -10 -10 -9 -9 -9 --------- Run | Scr Mat Min Mat Min Exi Total 3361 | 88 580 306 1151 848 388 Wait 248 | 1 45 42 75 72 13 Move 2662 | 71 439 245 864 704 339 Hop . | . . . . . . Pick Up 7 | . 1 . 1 . 5 Fast Attach 27 | 6 4 1 15 1 . Attach . | . . . . . . Detach 3 | . 2 . 1 . . Swap 11 | . . . 7 2 2 Drop 18 | . 4 . 10 . 4 Fire 313 | 10 66 13 140 62 22 Melee . | . . . . . . Ram . | . . . . . . Kick . | . . . . . . Crush . | . . . . . . Escape Stasis . | . . . . . . Rewire . | . . . . . . Trap . | . . . . . . Miscellaneous 72 | . 19 5 38 7 3 Route ------- -11/Scrapyard -10/Materials (discovered 4 exits: *Mat x2 / *Min x2) -10/Mines -9/Materials (discovered 4 exits: [*Mat x2] / *Min / *Sto) -9/Mines (discovered 3 exits: [*Mat x2] / *Exi) -9/Exiles History --------- Turn | Location | Event 5 | -11/Scrapyard | Upgraded with Propulsion slot (x1) 5 | -11/Scrapyard | Upgraded with Utility slot (x1) 5 | -11/Scrapyard | Upgraded with Weapon slot (x1) 11 | -11/Scrapyard | Discovered new exit (range 16) 96 | -11/Scrapyard | Entered Materials 306 | -10/Materials | Build established: Mutant 333 | -10/Materials | Discovered new exit (range 14) 514 | -10/Materials | Discovered new exit (range 7) 572 | -10/Materials | Discovered new exit (range 10) 644 | -10/Materials | Reached level 2 723 | -10/Materials | Discovered new exit (range 9) 754 | -10/Materials | Entered Mines 798 | -10/Mines | Reached level 3 881 | -10/Mines | Discovered new exit (range 10) 913 | -10/Mines | Escorted by a lone wolf Derelict 938 | -10/Mines | Learned location of Storage (-9) 964 | -10/Mines | Identified exit to Materials 979 | -10/Mines | Entered Materials 979 | -9/Materials | Accompanied by 1 ally 981 | -9/Materials | Reached level 4 1121 | -9/Materials | Build established: Scout 1242 | -9/Materials | Upgraded with Utility slot (x1) 1290 | -9/Materials | Discovered new exit (range 12) 1298 | -9/Materials | Reached level 5 1345 | -9/Materials | Upgraded with Utility slot (x1) 1375 | -9/Materials | Discovered new exit (range 6) 1396 | -9/Materials | Identified exit to Storage 1625 | -9/Materials | Reached level 6 1642 | -9/Materials | Discovered new exit (range 15) 1794 | -9/Materials | Upgraded with Utility slot (x1) 1796 | -9/Materials | Upgraded with Utility slot (x1) 1916 | -9/Materials | Reached level 7 1931 | -9/Materials | Discovered new exit (range 14) 1936 | -9/Materials | Upgraded with Propulsion slot (x1) 2069 | -9/Materials | Identified exit to Mines 2070 | -9/Materials | Entered Mines 2107 | -9/Mines | Met a Derelict bent on vengeance 2152 | -9/Mines | Reached level 8 2189 | -9/Mines | Discovered new exit (range 8) 2191 | -9/Mines | Found a damaged Exp. Sensor Array with a note attached 2219 | -9/Mines | Discovered new exit (range 11) 2364 | -9/Mines | Discovered new exit (range 10) 2365 | -9/Mines | Learned location of Zion (-7) 2367 | -9/Mines | Deemed a non-threat by the Exiles lab entrance 2579 | -9/Mines | Joined a pair of Derelicts in attacking an 0b10 outpost 2586 | -9/Mines | Upgraded with Utility slot (x1) 2701 | -9/Mines | Identified exit to Exiles 2702 | -9/Mines | Entered Exiles 2719 | -9/Exiles | Met 8R-AWN 2727 | -9/Exiles | Met EX-HEX 2797 | -9/Exiles | Met EX-BIN 2804 | -9/Exiles | Aligned with FarCom system 2804 | -9/Exiles | Given EX-Vault access code 2817 | -9/Exiles | Opened EX-Vault 2821 | -9/Exiles | Found Cloak of Protection 2833 | -9/Exiles | Warned to stay clear of 0b10 Research branches 2851 | -9/Exiles | Met EX-DEC 2863 | -9/Exiles | Attacked by the Exiles 2884 | -9/Exiles | Core integrity fell below 50% 2921 | -9/Exiles | Destroyed 7 combat bots 2936 | -9/Exiles | Core integrity fell below 20% 2964 | -9/Exiles | Destroyed self with Reinforced Fission Core chain reaction Last Messages --------------- 02950_ HV Slug penetrates Wall. 02951_ HV Slug penetrates Assembled Analyzer. 02953_ Penetrated by HV Slug. 02953_ HV Slug penetrates Wall. 02954_ Penetrated by HV Slug. 02954_ HV Slug penetrates Wall. 02956_ Penetrated by HV Slug. 02956_ HV Slug penetrates Wall. 02957_ Penetrated by HV Slug. 02957_ HV Slug penetrates Wall. 02957_ HV Slug penetrates Machine. 02960_ Penetrated by HV Slug. 02960_ Critical hit. 02960_ HV Slug penetrates Wall. 02960_ HV Slug penetrates Machine. 02962_ Penetrated by HV Slug. 02962_ HV Slug penetrates Wall. 02962_ Penetrated by HV Slug. 02962_ HV Slug penetrates Wall. 02964_ Chain reaction triggered in Rnf. Fission Core. Map ----- +----------------------------------------------------+ | ?????????????#" """#??????????????????? | | ?#???????????#" """#??????????????????? | | """????????#" """#??????????????????? | | " """#???????## """"??????????????????? | | " #????????# """#??????????????????? | | " #????????#" "X" """"??????????????????? | | " "#????????#" """ #??????????????????? | | ""?????????#" """""""""#??????????????????? | | " "?????????##" ###########??????????????????? | | # #????????##"" #????????????????????????????? | | # ###?######"" #????????????????????????????? | | # #"###""""""" ##???????????????????????????? | | """""" " "" ##???###########????????????? | | "" """ " #####"""""""""##???????????? | | " " " " " """"##??????????? | | " " #??????????? | | """#??????????? | | "a"#??????????? | | " "##?????????# | | ""###???????# | | """""" """#??????## | | ######""" "#????### | | ""##????#####""" ##???# | | #?????????##" " ##?## | | #??????????#"" ### | | #####?????##"" @ | | #"""##?####""""g | | "%! "###""" "" | | * """" #"""# | | ###### | | ##????? | | " * * ##?????? | | " "" """ ""#??????? | | ""## ##""" " " ""#" "##??????? | | ""#### ######""" """##"""""""##???????? | | """"##??# #????###""""###########????????? | | """#???# #??????######??????????????????? | | ""##???! ??????????????????????????????? | | """##????" ??????????????????????????????? | | #?????#" ?????????????????????????????? | | ##??????!!""!?????????????????????????????? | | #???????######????????????????????????????? | | ## ##?????????????????????????????????????????? | | ?## ???????????????????????????????????????????? | | ??# ???????????????????????????????????????????? | | ??# ???????????????????????????????????????????? | | ???? ????????????????????????????????????????????? | | ?????????????????????????????????????????????????? | | ?????????????????????????????????????????????????? | | ?????????????????????????????????????????????????? | +----------------------------------------------------+ Best States ------------- Heat Dissipation 49 Energy Generation 14 Energy Capacity 280 Matter Stores 300 Matter Capacity 300 Sight Range 16 Robot Scan Range 16 Terrain Scan Range 16 Terrain Scan Density 510 Armor Coverage 450 Resistance: KI 10 Evasion (%) 54 Targeting Accuracy 6 Armor Integrity Analysis 33 Recoil Reduction 1 Salvage Targeting 1 Item Schematics ----------------- None Robot Schematics ------------------ None Fabricated ------------ Nothing Alien Tech Used ----------------- None Achievements -------------- None Challenges ------------ None RPGLIKE | -11 -10 -10 -9 -9 -9 --------- Run | Scr Mat Min Mat Min Exi Levels Raised 7 | . 1 1 4 1 . XP Earned 14921 | 3000 2255 1000 6442 1981 243 XP Spent 13380 | 2700 120 1760 6100 2200 500 Upgrades 38 | 11 2 14 7 3 1 Propulsion Slot 2 | 1 . . 1 . . Utility Slot 6 | 1 . . 4 1 . Weapon Slot 1 | 1 . . . . . Core Integrity 4 | . . 4 . . . Heat Dissipation 4 | . 2 . . 2 . Mass Support 2 | . . . 2 . . Inventory Capacity 2 | 1 . . . . 1 Sensor Range 8 | . . 8 . . . Terrain Scan Density 5 | 5 . . . . . Melee Accuracy 2 | . . 2 . . . KI Resistance % 2 | 2 . . . . . Protomatter Created 584 | . 150 15 340 67 12 Integrity Restored 1397 | . 339 102 786 134 36 Core 1225 | . 283 102 670 134 36 Parts 172 | . 56 . 116 . . Protomatter Decayed 115 | . 13 . 57 45 . Game ------ Seed FusionPhaseThrusters Manual? 0 Play Time 00:29:32 Cumulative 425.5 hours Start 2019.12.17 @ 12:23:35 End 2019.12.17 @ 12:50:10 Sessions 1 Manual Loads 0 Difficulty Rogue Special Mode Winter2019/RPGLIKE Game No. 321 Rogue 317 Adventurer 4 Explorer 0 Win Type - Total 35 Types 28/3/1/1/2/0/0 Lore% 93 Gallery% 94 Achievement% 89 Wizard Run 0 Options --------- ASCII 0 Keyboard 1 Movement Vi Keybinds 0 Fullscreen 0 Font 16/Terminus Map View 76x50 Tactical HUD 1 Map Filters NONE Filters NONE Steam 1 RUN: 3b599b45-c83a-4dfe-9a5b-0c2854bd9c73